 Dungeon Crawl Stone Soup version 0.29.1-15-g9cfb28693d (webtiles) character file.

Game seed: 10009954937535967118

5 Gabide the Sneak (level 1, 0/10 HPs)
             Began as a Felid Delver on Mar 3, 2023.
             Killed from afar by a white imp (10 damage)
             ... with a puff of frost
             ... on level 6 of the Dungeon.
             The game lasted 00:02:31 (419 turns).

Gabide the Sneak (Felid Delver)                      Turns: 419, Time: 00:02:31

Health: 0/10       AC:  1    Str:  8    XL:     1   Next: 66%
Magic:  2/2        EV: 17    Int: 11    God:
Gold:   0          SH:  0    Dex: 17    Spells: 0/0 levels left
                                        Lives:  0   Deaths: 0

rFire   . . .      SeeInvis +     - Unarmed
rCold   . . .      Faith    .   (shield unavailable)
rNeg    . . .      Spirit   .   (body armour unavailable)
rPois   .          Reflect  .   (helmet unavailable)
rElec   .          Harm     .   (cloak unavailable)
rCorr   .          Rampage  .   (gloves unavailable)
Will    .....                   (boots unavailable)
Stlth   ++++......              (no amulet)
HPRegen 0.03/turn               (no ring)
MPRegen 0.08/turn               (no ring)

@: quick
A: very small, claws 1, fangs 3, see invisible, speed 1, shaggy fur 1, stealthy
paws, no weapons or thrown items, no armour, multi-lived
a: no special abilities


You were on level 6 of the Dungeon.
You visited 1 branch of the dungeon, and saw 2 of its levels.

Inventory:

Jewellery
 g - a ring of fire
Wands
 e - a wand of digging (3)
 i - a wand of flame (11)
Scrolls
 a - a scroll of fog
 b - 2 scrolls of magic mapping
 c - a scroll of fear
 j - a scroll of noise {unknown}
Potions
 d - a potion of haste
 h - a potion of ambrosia
 k - a potion of curing


   Skills:
 + Level 3.1 Fighting
 + Level 2.9 Dodging
 + Level 6.7 Stealth
 + Level 2.1 Unarmed Combat


You couldn't memorise any spells.
You didn't know any spells.
Your spell library contained the following spells:

 Spells                   Type           Power      Damage    Failure   Level
 Summon Guardian Golem    Hex/Summ       0%         N/A       71%         3
 Iskenderun's Mystic Bla  Conj/Tloc      0%         2d3       98%         4
 Fireball                 Conj/Fire      0%         3d3       100%        5


Dungeon Overview and Level Annotations

Branches:
Dungeon (6/15)
 Temple: D:4-7

Altars:

Annotations:
D:5 exclusions: hound and orc wizard
D:6 exclusion: phantom


Innate Abilities, Weirdness & Mutations

You have sharp claws.
You have razor-sharp teeth.
You have supernaturally acute eyesight. (SInv)
You cover ground quickly. (Speed+)
You are covered in fur. (AC +1)
Your paws help you pounce on unaware monsters.
You are incapable of wielding weapons or throwing items.
You cannot wear armour.
You gain extra lives every three experience levels.


Message History

You pick up the Directory of Friendly Combat Magic and begin reading...
You add the spells Summon Guardian Golem, Iskenderun's Mystic Blast and Fireball to your library.
f - 2 scrolls labelled GOSEGU DAPLER (gained 1)
Found 2 poisoned darts.
Found a stone staircase leading down.
Found a stone staircase leading up.
Found an escape hatch in the floor.
k - a clear potion
b - 2 scrolls of magic mapping (gained 1)
Found a stone staircase leading down.
A phantom comes into view.
Press: ? - help, v - describe, . - travel
Here: a phantom (dormant)
The floor.
Unknown command.
Press: ? - help, . - travel You can't see that place. [the floor.] Placed new exclusion.
Sorry, I don't know how to get there.
An ufetubus comes into view.
The helpless ufetubus fails to defend itself.
You mangle the ufetubus!!
You kill the ufetubus!
As you read the scroll labelled GOSEGU DAPLER, it crumbles to dust.
It is a scroll of identify.
h - a potion of ambrosia
As you read the scroll of identify, it crumbles to dust.
k - a potion of curing A white imp comes into view.
A necrophage comes into view.
Found a scroll labelled ZEETTYN UPSO, 2 scrolls of identify and 12 gold pieces.
You scratch the white imp.
The white imp is lightly wounded.
The white imp barely misses you.
You closely miss the white imp.
The white imp is lightly wounded.
The white imp gestures at you. The puff of frost hits you!
Ouch! That really hurt!
You die...

.........#.#.....#...#####.######
########.#.###..###.....##.######
...............# ####.........>#
...###...####### #####.####.#
...###.### #.# #.# ...##..# #.#
#.# #####.## ### #.# #.# # #.#
##.## #.####.# . #.# ##@#.##
#......# ## #.# #5#.#.## #####..#
#. #.# #.#.#.#.## #... #.#.##
#.#..##.#.## #.## #....##
##.#.?##.#.## #... ##....##
##.#?.##.#.## #.## .....>.#.## #
$#.##.#.## ..# #######.#.##
?.#.##.#.# ### ##.#.## #.
#n##.#W#


You could see a white imp.

Vanquished Creatures
  An ufetubus (D:6)
1 creature vanquished.

Notes
Turn   | Place    | Note
-------+----------+-------------------------------------------
     0 | D:5      | Gabide the Felid Delver began the quest for the Orb.
     0 | D:5      | Reached XP level 1. HP: 10/10 MP: 2/2
    27 | D:5      | Noticed a hound
    74 | D:5      | Noticed an orc wizard
   315 | D:6      | Got the Directory of Friendly Combat Magic
   401 | D:6      | Noticed a phantom
   416 | D:6      | Noticed a necrophage
   419 | D:6      | Killed from afar by a white imp

Illustrated notes

Levels and vault maps discovered:
D:5:      layout_loops_ring, nzn_overflow_gifts_of_might_and_magic, st_stairs_4
D:6:      minmay_inner_zag, layout_basic, serial_corexii_hall,
          corexii_hall_statues_l, corexii_hall_statues_x

Action                   || total
-------------------------++-------
Melee: Unarmed           ||     3
  Use: Scroll            ||     2
 Stab: Sleeping          ||     1
Dodge: Dodged            ||     1
